 Dungeon Crawl Stone Soup version 0.29-a0-986-gdf0a18e73c (webtiles) character file.

Game seed: 7405177100262161939

315 Plasmagod the Ducker (level 6, 0/51 HPs)
             Began as a Gnoll Wanderer on Aug 2, 2022.
             Slain by Edmund
             ... wielding a +1 dire flail of protection
              (9 damage)
             ... on level 4 of the Dungeon.
             The game lasted 00:05:51 (3633 turns).

Plasmagod the Ducker (Gnoll Wanderer)               Turns: 3633, Time: 00:05:52

Health: 0/51       AC:  3    Str: 10    XL:     6   Next: 43%
Magic:  11/11      EV: 18    Int: 11    God:
Gold:   136        SH:  0    Dex: 15    Spells: 11/12 levels left

rFire   . . .      SeeInvis .   a - +0 quarterstaff
rCold   . . .      Faith    .   (shield currently unavailable)
rNeg    . . .      Spirit   .   d - +0 robe
rPois   .          Reflect  .   (no helmet)
rElec   .          Harm     .   (no cloak)
rCorr   .          Rampage  .   (no gloves)
Will    .....                   b - +0 pair of boots
Stlth   +.........              (no amulet)
HPRegen 0.17/turn               h - +4 ring of evasion
MPRegen 0.12/turn               (no ring)

@: very slow
A: fangs 1, strong nose, distributed training
a: no special abilities


You were on level 4 of the Dungeon.
You visited 1 branch of the dungeon, and saw 4 of its levels.

You collected 136 gold pieces.

Inventory:

Hand Weapons
 a - a +0 quarterstaff (weapon)
Missiles
 r - 3 atropa-tipped darts
Armour
 b - a +0 pair of boots (worn)
 d - a +0 robe (worn)
Magical Staves
 q - a staff of air
Jewellery
 h - a +4 ring of evasion (left hand)
 t - a +6 ring of intelligence
Scrolls
 e - 3 scrolls of enchant armour {unknown}
 f - a scroll of vulnerability {unknown}
 i - 2 scrolls of identify {unknown}
 j - a scroll of poison {unknown}
 l - 3 scrolls of teleportation {unknown}
 m - a scroll of fear {unknown}
 n - a scroll of acquirement {unknown}
 o - a scroll of magic mapping {unknown}
Potions
 c - 3 potions of curing
 g - 2 potions of heal wounds {unknown}
 k - a potion of berserk rage {unknown}
 p - a potion of ambrosia {unknown}
 s - a potion of brilliance {unknown}


   Skills:
 + Level 5.0 Fighting
 + Level 2.0 Short Blades
 + Level 2.0 Long Blades
 + Level 2.0 Axes
 + Level 2.0 Maces & Flails
 + Level 2.0 Polearms
 + Level 5.0 Staves
 + Level 2.0 Ranged Weapons
 + Level 2.0 Throwing
 + Level 2.0 Armour
 + Level 5.0 Dodging
 + Level 2.0 Stealth
 + Level 2.0 Shields
 + Level 2.0 Unarmed Combat
 + Level 3.5 Spellcasting
 + Level 1.6 Conjurations
 + Level 4.1 Hexes
 + Level 1.6 Summonings
 + Level 1.6 Necromancy
 + Level 1.6 Translocations
 + Level 1.6 Transmutations
 + Level 1.6 Fire Magic
 + Level 1.6 Ice Magic
 + Level 1.6 Air Magic
 + Level 1.6 Earth Magic
 + Level 1.6 Poison Magic
 + Level 3.4 Invocations
 + Level 2.0 Evocations


You had 11 spell levels left.
You knew the following spells:

 Your Spells              Type           Power      Damage    Failure   Level
a - Slow                  Hex            44%        N/A       4%          1

Your spell library contained the following spells:

 Spells                   Type           Power      Damage    Failure   Level
 Ensorcelled Hibernation  Hex/Ice        16%        N/A       12%         2
 Dazzling Flash           Conj/Hex       16%        N/A       22%         3
 Inner Flame              Hex/Fire       8%         N/A       22%         3
 Gell's Gravitas          Tloc           5%         N/A       36%         3
 Lesser Beckoning         Tloc           5%         N/A       36%         3
 Teleport Other           Tloc           5%         N/A       36%         3
 Corpse Rot               Necr/Pois/Air  5%         N/A       77%         4
 Dispel Undead            Necr           5%         3d7       77%         4
 Silence                  Hex/Air        4%         N/A       91%         5
 Agony                    Necr           5%         N/A       98%         5
 Death Channel            Necr           2%         N/A       100%        6


Dungeon Overview and Level Annotations

Branches:
Dungeon (4/15)
 Temple: D:4-7

Altars:
Makhleb

Annotations:
D:4 Edmund


Innate Abilities, Weirdness & Mutations

You have very sharp teeth.
Your uncanny sense of smell can sniff out nearby items.
Your experience applies equally to all skills.


Message History

The hound is heavily wounded.
The hound bites you but does no damage.
The hound splashes around in the water.
Edmund closely misses you.
Your unstable footing causes you to fumble your attack.
The hound completely misses you. The dart slug launches a dart at you.
The slug dart misses you. Edmund misses you.
You hit the hound but do no damage. You bite the hound.
The hound is heavily wounded.
The hound bites you but does no damage. The hound completely misses you.
Edmund hits you with a +1 dire flail of protection.
Your unstable footing causes you to fumble your attack.
The hound misses you.
The hound splashes around in the water.
Edmund misses you.
You hit the hound.
The hound is almost dead.
The hound splashes around in the water.
Edmund misses you.
You hit the hound but do no damage.
The hound is almost dead.
The hound bites you but does no damage. Edmund misses you.
The hound completely misses you.
Your unstable footing causes you to fumble your attack.
The hound misses you.
Edmund hits you with a +1 dire flail of protection!
* * * LOW HITPOINT WARNING * * *
The dart slug launches a dart at you. The slug dart misses you.
You hit the hound but do no damage.
The hound is almost dead.
The hound bites you.
* * * LOW HITPOINT WARNING * * *
Edmund hits you with a +1 dire flail of protection.
* * * LOW HITPOINT WARNING * * *
The hound completely misses you.
Your unstable footing causes you to fumble your attack.
The hound closely misses you.
Edmund splashes around in the water.
Your unstable footing causes you to fumble your attack.
The hound closely misses you. The hound barely misses you.
Edmund hits you with a +1 dire flail of protection!
You die...

#####
#~@@##
#~≈≈h##
#~≈≈~~#
#~w≈≈~##
##~≈≈~~#
#~~≈≈~##
##~≈≈~~#
#~~≈≈~#
##~≈≈~##


You could see Edmund, a hound and a dart slug.

Vanquished Creatures
  A necrophage (D:4)
  A howler monkey (D:4)
  2 hounds (D:3)
  4 gnolls (D:3)
  3 adders
  A worm (D:3)
  A dart slug (D:2)
  6 orcs
  4 ball pythons
  8 endoplasms
  2 giant cockroaches (D:1)
  10 goblins
  7 hobgoblins
  2 jackals (D:1)
  5 kobolds
  7 quokkas
  3 bats
  4 frilled lizards
  4 rats
75 creatures vanquished.

Notes
Turn   | Place    | Note
-------+----------+-------------------------------------------
     0 | D:1      | Plasmagod the Gnoll Wanderer began the quest for the Orb.
     0 | D:1      | Plasmagod set off with the following items: a +0
                  | quarterstaff, a +0 pair of boots, a potion of curing, a +0
                  | robe; and the following spell memorised: Slow; and the
                  | following spells available to memorise: Ensorcelled
                  | Hibernation, Inner Flame.
     0 | D:1      | Reached XP level 1. HP: 20/20 MP: 4/4
   180 | D:1      | Reached XP level 2. HP: 24/26 MP: 5/5
   474 | D:1      | Reached XP level 3. HP: 31/31 MP: 7/7
   803 | D:2      | Found a burning altar of Makhleb.
   892 | D:2      | Found a faded altar of an unknown god.
  1180 | D:2      | Reached skill level 1 in Short Blades
  1180 | D:2      | Reached skill level 1 in Long Blades
  1180 | D:2      | Reached skill level 1 in Axes
  1180 | D:2      | Reached skill level 1 in Maces & Flails
  1180 | D:2      | Reached skill level 1 in Polearms
  1180 | D:2      | Reached skill level 1 in Ranged Weapons
  1180 | D:2      | Reached skill level 1 in Throwing
  1180 | D:2      | Reached skill level 1 in Armour
  1180 | D:2      | Reached skill level 1 in Stealth
  1180 | D:2      | Reached skill level 1 in Shields
  1180 | D:2      | Reached skill level 1 in Unarmed Combat
  1180 | D:2      | Reached skill level 1 in Evocations
  1821 | D:3      | Reached XP level 4. HP: 35/38 MP: 8/8
  1934 | D:3      | Reached skill level 1 in Conjurations
  1934 | D:3      | Reached skill level 1 in Summonings
  1934 | D:3      | Reached skill level 1 in Necromancy
  1934 | D:3      | Reached skill level 1 in Translocations
  1934 | D:3      | Reached skill level 1 in Transmutations
  1934 | D:3      | Reached skill level 1 in Fire Magic
  1934 | D:3      | Reached skill level 1 in Ice Magic
  1934 | D:3      | Reached skill level 1 in Air Magic
  1934 | D:3      | Reached skill level 1 in Earth Magic
  1934 | D:3      | Reached skill level 1 in Poison Magic
  2628 | D:3      | Reached XP level 5. HP: 28/43 MP: 9/9
  3315 | D:4      | Reached skill level 5 in Fighting
  3315 | D:4      | Reached skill level 5 in Staves
  3315 | D:4      | Reached skill level 5 in Dodging
  3315 | D:4      | Reached XP level 6. HP: 39/51 MP: 9/11
  3583 | D:4      | Noticed Edmund
  3633 | D:4      | Slain by Edmund

Illustrated notes

Levels and vault maps discovered:
D:1:      tarquinn_simple_flora_water_d, layout_basic
D:2:      layout_basic, ebering_ecumenical_altar_petrified, basic_altar,
          roderic_serpentine_path, chequers_garden
D:3:      layout_basic, nicolae_concentric_dashed_squares_wild,
          cheibrodos_gnoll_hut
D:4:      wander_river, layout_gridville, led_xom_imps,
          minmay_temple_entry_gardened_gates, uniq_edmund

Skill      XL: |  1  2  3  4  5  6 |
---------------+-------------------+-----
Short Blades   | 1 2 |  2.0
Long Blades    | 1 2 |  2.0
Axes           | 1 2 |  2.0
Maces & Flails | 1 2 |  2.0
Polearms       | 1 2 |  2.0
Ranged Weapons | 1 2 |  2.0
Throwing       | 1 2 |  2.0
Armour         | 1 2 |  2.0
Stealth        | 1 2 |  2.0
Shields        | 1 2 |  2.0
Unarmed Combat | 1 2 |  2.0
Evocations     | 1 2 |  2.0
Spellcasting   | 3 |  3.5
Conjurations   | 1 |  1.6
Summonings     | 1 |  1.6
Necromancy     | 1 |  1.6
Translocations | 1 |  1.6
Transmutations | 1 |  1.6
Fire Magic     | 1 |  1.6
Ice Magic      | 1 |  1.6
Air Magic      | 1 |  1.6
Earth Magic    | 1 |  1.6
Poison Magic   | 1 |  1.6
Invocations    | 3 |  3.4
Hexes          | 4 |  4.1
Fighting       | 5 |  5.0
Staves         | 5 |  5.0
Dodging        | 5 |  5.0

Action                   |  1- 3 |  4- 6 || total
-------------------------+-------+-------++-------
Melee: Quarterstaff      |   111 |   151 ||   262
       Bite              |    10 |    21 ||    31
 Stab: Sleeping          |     4 |     1 ||     5
Armor: Robe              |    14 |    14 ||    28
Dodge: Dodged            |    76 |   145 ||   221

Table legend: (Time is in decaauts)
 A = Elapsed time spent in this place.
 B = Non-inter-level travel time spent in this place.
 C = Inter-level travel time spent in this place.
 D = Time resting spent in this place.
 E = Time spent auto-exploring this place.
 F = Levels seen in this place.
 G = Mean time per level.
                   A        B        C        D        E       F      G
               +--------+--------+--------+--------+--------+-----+--------+
         Total |   3660 |   3483 |    177 |     69 |   2796 |   4 |  915.0 |
       Dungeon |   3660 |   3483 |    177 |     69 |   2796 |   4 |  915.0 |
               +--------+--------+--------+--------+--------+-----+--------+

Top non-repeatable levels by time:
     D:3: 1635 daAuts
     D:2: 991 daAuts
     D:1: 790 daAuts
     D:4: 242 daAuts
